 Dungeon Crawl Stone Soup version 0.26.1-2-gb8aa6d0cf2 (webtiles) character file.

Game seed: 10327025884771860572

216 Gadfly the Unbeliever (level 5, 0/41 HPs)
             Began as a Demonspawn Monk on Feb 8, 2021.
             Fell down a flight of stairs (1 damage)
             ... on level 3 of the Dungeon.
             The game lasted 00:03:32 (2942 turns).

Gadfly the Unbeliever (Demonspawn Monk)             Turns: 2942, Time: 00:03:33

Health: 0/41       AC:  8    Str: 10 (12) XL:     5   Next: 61%
Magic:  7/7        EV:  9    Int:  9 (12) God:
Gold:   191        SH:  0    Dex: 14 (15) Spells: 4/4 levels left

rFire    . . .     SeeInvis .   b - +1 spear (venom)
rCold    . . .     Faith    .   (no shield)
rNeg     . . .     Spirit   .   i - +0 scale mail
rPois    .         Reflect  .   f - +0 helmet
rElec    .         Harm     .   (no cloak)
rCorr    .         Rampage  .   (no gloves)
Will     .....                  o - +0 pair of boots
Stlth    ..........             k - amulet of the acrobat
HPRegen  0.13/turn              (no ring)
MPRegen  0.10/turn              (no ring)

@: confused
A: claws 2, spiny 1, miasma immunity
a: no special abilities


You were on level 3 of the Dungeon.
You visited 1 branch of the dungeon, and saw 3 of its levels.

You collected 191 gold pieces.

Inventory:

Hand Weapons
 a - a +0 hand axe
 b - a +1 spear of venom (weapon)
 d - a +2 short sword of flaming
Armour
 f - a +0 helmet (worn)
 i - a +0 scale mail (worn)
 o - a +0 pair of boots (worn)
Jewellery
 k - an amulet of the acrobat (around neck)
Scrolls
 g - 2 scrolls of remove curse
 m - a scroll of enchant armour {unknown}
 p - a scroll of fog {unknown}
Potions
 j - a potion of flight
 l - a potion of resistance {unknown}
 n - a potion of magic {unknown}


   Skills:
 - Level 3.0 Fighting
 + Level 3.2 Axes
 * Level 2.6 Armour
 - Level 2.6 Dodging
 - Level 1.7 Stealth
 * Level 3.6 Invocations
 * Level 2.6 Evocations


You had 4 spell levels left.
You didn't know any spells.
Your spell library was empty.

Dungeon Overview and Level Annotations

Branches:
Dungeon (3/15)

Altars:
The Shining One

Annotations:
D:3 Sigmund


Innate Abilities, Weirdness & Mutations

You have very sharp fingernails.
You are partially covered in sharp spines.
You are immune to miasma.


Message History

Sigmund is heavily wounded.
Sigmund hits you with a +0 scythe.
* * * LOW HITPOINT WARNING * * *
Okay, then.
Okay, then.
Sigmund casts a spell at you. You resist with some effort.
Found a stone staircase leading up.
Sigmund points at you and mumbles some strange words.
The puff of flame hits you.
* * * LOW HITPOINT WARNING * * *
Sigmund breathes a few words.
Sigmund's hands start flickering wildly.
Sigmund casts a spell at you. You resist with some effort.
There is a stone staircase leading up here.
Sigmund points at you and mumbles some strange words.
You are confused.
In your confused state, you trip and fall back down the stairs.
You die...

# ##### #..(. #....
#.... ####
#######.... #.@###
...........
#....###...........
###................
#.........###.....
#.........##......
#.....@....>.#..##
#.........#####...
#...........).....
#............###..


You could see Sigmund (very poisoned).

Vanquished Creatures
  A water moccasin skeleton (D:2)
  Terence (D:3)
  Robin (D:3)
  3 gnolls
  An adder (D:3)
  2 oozes
  A dart slug (D:2)
  3 leopard geckos
  A ball python (D:1)
  5 giant cockroaches
  19 goblins
  16 hobgoblins
  9 kobolds
  A quokka (D:2)
  3 bats
  6 frilled lizards
  4 rats
77 creatures vanquished.

Notes
Turn   | Place    | Note
-------+----------+-------------------------------------------
     0 | D:1      | Gadfly the Demonspawn Monk began the quest for the Orb.
     0 | D:1      | Reached XP level 1. HP: 18/18 MP: 1/1
   205 | D:1      | Reached skill level 1 in Invocations
   249 | D:1      | Gained mutation: You have sharp fingernails. [demonic
                  | ancestry]
   249 | D:1      | Reached XP level 2. HP: 24/24 MP: 2/2
   415 | D:1      | Reached skill level 1 in Evocations
   481 | D:1      | Reached skill level 1 in Armour
  1256 | D:2      | Found a glowing golden altar of the Shining One.
  1263 | D:2      | Gained mutation: You are partially covered in sharp spines.
                  | [demonic ancestry]
  1263 | D:2      | Reached XP level 3. HP: 29/29 MP: 4/4
  1689 | D:2      | Gained mutation: You have very sharp fingernails. [demonic
                  | ancestry]
  1689 | D:2      | Reached XP level 4. HP: 35/35 MP: 5/5
  2430 | D:3      | Gained mutation: You are immune to miasma. [demonic
                  | ancestry]
  2430 | D:3      | Reached XP level 5. HP: 41/41 MP: 7/7
  2501 | D:3      | Found a faded altar of an unknown god.
  2519 | D:3      | Noticed Robin
  2551 | D:3      | Killed Robin
  2871 | D:3      | Noticed Terence
  2880 | D:3      | Killed Terence
  2916 | D:3      | Noticed Sigmund
  2936 | D:3      | HP: 1/41 [Sigmund/puff of flame (6)]
  2942 | D:3      | Fell down a flight of stairs

Illustrated notes

Levels and vault maps discovered:
D:1:      sevenhm_arrival_forest_fort_small_3, layout_basic
D:2:      layout_basic, lemuel_round_altar, minmay_goblin_kobold_house
D:3:      layout_rooms, chequers_ecumenical_altar_twisty, tgw_xom, uniq_sigmund,
          uniq_robin, uniq_terence

Skill      XL: |  1  2  3  4 |
---------------+-------------+-----
Invocations    | 1 2 3 |  3.6
Evocations     | 1 2 |  2.6
Armour         | 1 2 |  2.6
Axes           | 3 |  3.2
Fighting       | |  3.0
Dodging        | |  2.6
Stealth        | |  1.7

Action                   |  1- 3 |  4- 6 || total
-------------------------+-------+-------++-------
Melee: Hand axe          |    66 |       ||    66
       Dagger            |    26 |    79 ||   105
       Spear             |       |    31 ||    31
  Use: Scroll            |     4 |     1 ||     5
       Potion            |       |     4 ||     4
 Stab: Sleeping          |     3 |       ||     3
Armor: Robe              |    18 |       ||    18
       Scale mail        |    12 |    43 ||    55
Dodge: Dodged            |    60 |    64 ||   124
